 Dungeon Crawl Stone Soup version 0.27.0-1-g7a089689b8 (webtiles) character file.

Game seed: 5268923216196427409

256 MajorAdolf the Cutter (level 6, 0/49 HPs)
             Began as a Naga Wanderer on Aug 11, 2021.
             Slain by a gnoll shaman (9 damage)
             ... on level 3 of the Dungeon on Aug 12, 2021.
             The game lasted 00:08:56 (5848 turns).

MajorAdolf the Cutter (Naga Wanderer)               Turns: 5848, Time: 00:08:56

Health: 0/49       AC:  4    Str: 14    XL:     6   Next: 15%
Magic:  19/19      EV:  9    Int: 14    God:
Gold:   198        SH:  0    Dex: 11    Spells: 6/10 levels left

rFire    . . .     SeeInvis +   a - +2 dagger (elec)
rCold    . . .     Faith    .   (no shield)
rNeg     + . .     Spirit   .   d - +0 robe
rPois    +         Reflect  .   (no helmet)
rElec    .         Harm     .   (no cloak)
rCorr    .         Rampage  .   n - +0 pair of gloves
Will     .....                  (no barding)
Stlth    +.........             (no amulet)
HPRegen  0.16/turn              i - ring of magical power
MPRegen  0.16/turn              k - ring of positive energy

@: lit by a corona, short of breath, glowing, very slow
A: AC +2, large, see invisible, deformed body, poison resistance, slowness 2,
spit poison 1, naga tail 1
a: Spit Poison


You were on level 3 of the Dungeon.
You visited 1 branch of the dungeon, and saw 5 of its levels.

You collected 198 gold pieces.

Inventory:

Hand Weapons
 a - a +2 dagger of electrocution (weapon)
Armour
 d - a +0 robe (worn)
 n - a +0 pair of gloves (worn)
Jewellery
 i - a ring of magical power (left hand)
 k - a ring of positive energy (right hand)
Scrolls
 b - a scroll of enchant armour {unknown}
 e - a scroll of teleportation
 h - a scroll of amnesia
 m - a scroll of identify {unknown}
Potions
 f - 2 potions of invisibility {unknown}
 g - a potion of attraction {unknown}
 j - a potion of curing
 l - a potion of berserk rage {unknown}
Miscellaneous
 c - a piece from Xom's chessboard (15/15)


   Skills:
 + Level 4.1 Short Blades
 + Level 3.2 Stealth
 + Level 2.6 Spellcasting
 + Level 0.1 Translocations
 + Level 1.7 Transmutations
 - Level 3.0 Fire Magic
 + Level 2.1 Earth Magic
 - Level 2.6 Poison Magic
 - Level 1.0 Evocations


You had 6 spell levels left.
You knew the following spells:

 Your Spells              Type           Power      Damage    Failure   Level
a - Passwall              Tmut/Erth      5%         N/A       16%         2
b - Blink                 Tloc           N/A        N/A       30%         2

Your spell library contained the following spells:

 Spells                   Type           Power      Damage    Failure   Level
 Apportation              Tloc           4%         N/A       21%         1
 Lesser Beckoning         Tloc           1%         N/A       52%         3
 Portal Projectile        Hex/Tloc       4%         N/A       54%         3
 Swiftness                Air            1%         N/A       56%         3
 Manifold Assault         Tloc           2%         N/A       99%         5
 Invisibility             Hex            0%         N/A       100%        6


Dungeon Overview and Level Annotations

Branches:
Dungeon (5/15)
 Temple: D:4-7

Altars:
Elyvilon
Fedhas
Ru
Yredelemnul
Zin

Annotations:
D:1 exclusion: 3 jackals
D:2 exclusion: kobold, Sigmund
D:4 exclusions: gnoll and gnoll shaman
D:5 exclusion: ogre


Innate Abilities, Weirdness & Mutations

Your serpentine skin is tough. (AC +2)
You have supernaturally acute eyesight. (SInv)
Armour fits poorly on your strangely shaped body.
Your system is resistant to poisons. (rPois)
You cover ground very slowly.
You can spit poison.
You have a snake-like lower body.


Message History

g - Guard the area. f - Follow me.
Anything else - Cancel.
You shout for attention!
The gnoll shaman shouts!
You hear a shout!
The gnoll shaman invokes the aid of its god against you.
You are outlined in light.
A gnoll comes into view. It is wielding a +0 flail.
You see here a +0 hand axe.
There is a stone staircase leading up, spattered with blood here.
The gnoll hits you from afar with a +0 spear.
The gnoll shaman hits you but does no damage.
The gnoll barely misses you.
You climb upwards.
There is a stone staircase leading down here.
Unknown command.
You hit the gnoll shaman.
The gnoll shaman is lightly wounded.
The gnoll shaman hits you with a +0 whip.
You hit the gnoll shaman.
The gnoll shaman is lightly wounded.
The gnoll shaman hits you with a +0 whip!
You hit the gnoll shaman but do no damage.
The gnoll shaman is lightly wounded.
The gnoll shaman hits you with a +0 whip.
You barely miss the gnoll shaman.
The gnoll shaman is lightly wounded.
Press: ? - help, Shift-Dir - straight line, f - gnoll shaman
Aim: a gnoll shaman, wielding a +0 whip and wearing a +0 leather armour (lightly wounded)
The splash of poison hits the gnoll shaman.
The gnoll shaman is poisoned.
The gnoll shaman is moderately wounded.
The gnoll shaman hits you with a +0 whip!
You barely miss the gnoll shaman.
The gnoll shaman is heavily wounded.
The gnoll shaman hits you with a +0 whip!
* * * LOW HITPOINT WARNING * * *
Unknown command.
You hit the gnoll shaman but do no damage.
The gnoll shaman is heavily wounded.
The gnoll shaman hits you with a +0 whip!
You die...

.....#..#.###.#......##
.......#.#.#####..###.#
.#..#.....### #...# #.##
........###.####..###..##
......#....#.##......##.#
...#...#.#######.##..#.##
.....#..#.### #.##...##
.........#..# #.##...#
.#........### #@##...#
....#.##### #g##...#
#.........### #.##...#
#........#..# ##.##...##
#....#(.#.### #........#
...#...#.###########...###
#.....#....#(# #.......#
........###.## #.......#
#...#.....### #.......#


You could see a gnoll shaman (poisoned).

Vanquished Creatures
  2 orc priests (D:4)
  2 hounds (D:4)
  3 adders
  3 gnolls (D:4)
  A worm (D:3)
  2 dart slugs
  11 orcs
  5 ball pythons
  4 endoplasms (D:1)
  2 giant cockroaches
  7 goblins
  5 hobgoblins
  A jackal (D:2)
  4 kobolds
  5 quokkas
  3 bats
  4 frilled lizards
  4 rats (D:1)
68 creatures vanquished.

Vanquished Creatures (others)
  A fungus (D:3)
  A plant (D:3)
2 creatures vanquished.

Grand Total: 70 creatures vanquished

Notes
Turn   | Place    | Note
-------+----------+-------------------------------------------
     0 | D:1      | MajorAdolf the Naga Wanderer began the quest for the Orb.
     0 | D:1      | MajorAdolf set off with the following items: a +2 dagger, a
                  | potion of heal wounds, a piece from Xom's chessboard
                  | (15/15), a +0 robe; and the following spell memorised:
                  | Apportation; and the following spells available to
                  | memorise: Portal Projectile
     0 | D:1      | Reached XP level 1. HP: 15/15 MP: 3/3
    47 | D:1      | Reached skill level 1 in Short Blades
    70 | D:1      | You fall into a shaft and drop 1 floor!
   423 | D:2      | Reached XP level 2. HP: 9/22 MP: 5/5
   755 | D:2      | Noticed Sigmund
   778 | D:1      | Reached skill level 2 in Short Blades
  1271 | D:1      | Reached XP level 3. HP: 22/28 MP: 6/6
  1526 | D:1      | You fall into a shaft and drop 1 floor!
  2072 | D:2      | Reached skill level 3 in Short Blades
  2591 | D:3      | Reached XP level 4. HP: 20/36 MP: 7/7
  2749 | D:3      | Found a faded altar of an unknown god.
  2783 | D:3      | Found a sacrificial altar of Ru.
  3420 | D:4      | Found a white marble altar of Elyvilon.
  3430 | D:4      | Learned a level 2 spell: Passwall
  3650 | D:5      | Entered Level 5 of the Dungeon
  3810 | D:5      | Noticed an ogre
  3994 | D:4      | Reached skill level 1 in Transmutations
  3994 | D:4      | Reached XP level 5. HP: 34/42 MP: 8/8
  4846 | D:4      | Found a basalt altar of Yredelemnul.
  5274 | D:4      | Reached skill level 4 in Short Blades
  5350 | D:4      | Reached XP level 6. HP: 42/49 MP: 9/9
  5429 | D:4      | Learned a level 2 spell: Blink
  5677 | D:4      | Found a glowing silver altar of Zin.
  5677 | D:4      | Found a blossoming altar of Fedhas.
  5848 | D:3      | Slain by a gnoll shaman

Illustrated notes

Levels and vault maps discovered:
D:1:      lordsloth_arrival_two_stooges, layout_basic
D:2:      layout_basic, uniq_sigmund
D:3:      layout_loops_ring, nicolae_ru_awakened_eye,
          shapermc_ecumenical_altar_hornbeckon, minmay_increasing_density
D:4:      layout_gridville, kennysheep_mini_moat,
          mainiacjoe_overflow_cross_hatched, gammafunk_temple_overflow_elements
D:5:      minmay_skewed_foursquare, layout_basic,
          nicolae_qazlal_general_emergency, grunt_decor_arrowhead,
          kennysheep_decorative_pillar

Skill      XL: |  1  2  3  4  5 |
---------------+----------------+-----
Short Blades   | 1 2 3 4 |  4.1
Stealth        | 2 3 |  3.2
Transmutations | 1 |  1.7
Earth Magic    | 2 |  2.1
Spellcasting   | |  2.6
Translocations | |  0.1
Fire Magic     | |  3.0
Poison Magic   | |  2.6
Evocations     | |  1.0

Action                   |  1- 3 |  4- 6 || total
-------------------------+-------+-------++-------
Melee: Dagger            |    82 |    67 ||   149
 Abil: Spit Poison       |    32 |    17 ||    49
  Use: Scroll            |       |     4 ||     4
       Potion            |       |     1 ||     1
 Stab: Sleeping          |     3 |       ||     3
Armor: Robe              |    11 |     6 ||    17
Dodge: Dodged            |    38 |    24 ||    62
